Map: Forêt cybernétique EC

Players

Sorandom

  • Race: Zerg Zerg
  • League: Diamond
  • Spawn Location: 11:00

PPO - Winner!

  • Race: Zerg Zerg
  • League: Diamond
  • Spawn Location: 5:00

VOD

Have the link to the VOD?

Description

Time

  • Played on: April 9, 2019, 10:44 a.m.
  • Length: 11:36
Show
View Real Time Build Order
Export as new Build Order

Sorandom Zerg 

Build Orders: Hatch First 

Get SALT Encoding   

  12  0:02  Drone  
  13  0:12  Overlord  
  13  0:17  Drone  
  14  0:32  Drone x2  
  16  0:36  Drone  
  17  0:56  Hatchery  
  16  1:08  Spawning Pool  
  16  1:09  Extractor  
  15  1:11  Drone  
  15  1:15  Drone  
  16  1:20  Drone  
  16  1:22  Drone  
  18  1:33  Overlord  
  18  1:45  Drone  
  19  1:55  Zergling x2  
  20  2:05  Drone  
  20  2:06  Queen  
  20  2:08  Queen  
  23  2:11  Metabolic Boost  
  23  2:13  Drone  
  26  2:24  Spine Crawler  
  26  2:25  Zergling x4  
  27  2:34  Spine Crawler  
  27  2:36  Zergling x2  
  27  2:40  Zergling x2  
  27  2:41  Zergling x2  
  29  2:58  Zergling x2  
  29  3:08  Zergling x2, Hatchery  
  29  3:17  Overlord  
  23  3:39  Zergling x4  
  22  3:45  Zergling x2  
  23  5:07  Lair  
  23  5:11  Hatchery  
  22  5:19  Baneling Nest  
  21  5:27  Hatchery  
  20  5:37  Drone x3  
  20  5:41  Extractor  
  22  5:48  Drone x3  
  25  5:55  Drone  
  26  6:03  Baneling x6  
  26  6:08  Drone x2  
  26  6:10  Spire  
  27  6:16  Drone x2  
  29  6:22  Drone x2  
  31  6:26  Drone  
  31  6:32  Drone  
  33  6:39  Drone x2  
  35  6:43  Queen x2  
  35  6:44  Queen  
  41  6:47  Drone  
  41  6:48  Drone x4  
  46  6:57  Zergling x6  
  49  7:04  Overlord  
  49  7:16  Overlord  
  49  7:22  Mutalisk x4  
  57  7:26  Extractor  
  57  7:28  Extractor  
  55  7:40  Drone  
  55  7:41  Drone x7  
  55  7:43  Mutalisk  
  63  7:52  Drone x3  
  66  8:02  Overlord x2  
  66  8:03  Overlord  
  66  8:05  Extractor  
  66  8:07  Extractor  
  64  8:13  Drone x2  
  64  8:15  Overlord x4  
  66  8:21  Mutalisk x2  
  70  8:28  Drone x4  
  74  8:34  Mutalisk  
  74  8:39  Drone x4  
  80  8:41  Spore Crawler  
  79  8:50  Drone x5  
  84  8:55  Spore Crawler  
  84  8:59  Spore Crawler  
  84  9:01  Mutalisk  
  82  9:18  Mutalisk x5  
  92  9:30  Mutalisk x2  
  96  9:39  Queen  
  96  9:43  Drone x5  
  103  9:49  Mutalisk  
  105  10:00  Drone  
  101  10:33  Overlord  
  101  10:34  Overlord x10  
  101  10:45  Overlord x2  
  101  10:51  Queen x2  
  101  10:56  Spire  
  104  11:11  Hatchery  
  103  11:19  Spore Crawler  
Show
View Real Time Build Order
Export as new Build Order

PPO Zerg - Winner!

Build Orders: Pool First 

Get SALT Encoding   

  12  0:10  Drone  
  13  0:26  Spawning Pool, Drone  
  13  0:30  Drone  
  14  0:40  Overlord  
  14  0:56  Extractor  
  14  0:57  Drone  
  14  1:13  Zergling x6  
  17  1:21  Queen  
  19  1:27  Zergling x2  
  20  1:37  Hatchery  
  19  1:49  Zergling x4  
  21  2:00  Drone  
  22  2:10  Overlord  
  22  2:24  Overlord  
  22  2:28  Baneling Nest  
  22  2:29  Zergling x4  
  24  2:30  Zergling x2  
  24  2:49  Zergling x2  
  22  3:03  Zergling x4  
  22  3:04  Zergling x2  
  25  3:14  Baneling x3  
  25  3:17  Baneling  
  25  3:19  Drone  
  27  3:20  Overlord, Drone  
  27  3:32  Zergling x2  
  25  3:47  Queen  
  27  3:48  Drone x2  
  27  3:49  Drone  
  30  4:02  Drone x3  
  33  4:06  Drone  
  34  4:14  Metabolic Boost  
  34  4:22  Drone x2  
  34  4:23  Drone  
  37  4:31  Drone  
  37  4:32  Drone x2  
  37  4:36  Overlord  
  40  4:47  Lair  
  40  4:50  Drone x2  
  40  4:51  Extractor, Drone  
  42  5:04  Roach Warren  
  41  5:08  Evolution Chamber  
  41  5:12  Evolution Chamber  
  41  5:13  Drone x2  
  41  5:14  Drone x3  
  43  5:18  Extractor  
  43  5:24  Queen  
  43  5:27  Drone  
  43  5:28  Drone  
  47  5:37  Drone  
  47  5:38  Drone x3  
  51  5:53  Drone x3  
  51  5:54  Drone  
  51  5:57  Spire  
  54  6:05  Drone  
  55  6:16  Hatchery  
  54  6:20  Overseer  
  54  6:21  Overlord  
  54  6:23  Overlord  
  54  6:37  Extractor  
  54  6:39  Pneumatized Carapace  
  53  7:11  Drone  
  53  7:12  Drone x3  
  57  7:19  Drone x5  
  57  7:20  Drone x2  
  64  7:24  Zerg Flyer Weapons Level 1  
  64  7:48  Mutalisk x4  
  64  7:49  Mutalisk x3  
  77  7:57  Mutalisk  
  75  8:02  Spore Crawler  
  75  8:03  Spore Crawler  
  73  8:08  Drone, Spore Crawler  
  73  8:09  Drone x4  
  73  8:12  Spore Crawler x2  
  76  8:13  Mutalisk x2  
  76  8:18  Extractor  
  76  8:19  Extractor  
  77  8:20  Spore Crawler x2  
  77  8:23  Spore Crawler, Drone x5  
  77  8:24  Drone  
  80  8:38  Mutalisk  
  82  8:43  Overlord x3  
  82  8:51  Spine Crawler  
  82  8:53  Spine Crawler  
  82  8:55  Overlord x2  
  80  9:03  Mutalisk x5  
  90  9:14  Mutalisk  
  90  9:15  Mutalisk  
  94  9:23  Overlord x4  
  94  9:30  Drone x4  
  94  9:31  Drone  
  99  9:40  Zerg Melee Weapons Level 1  
  99  9:43  Zergling x8  
  99  9:44  Zergling x10  
  108  9:55  Drone x4  
  108  9:56  Spine Crawler, Drone x2  
  113  10:00  Zergling x4  
  113  10:01  Zergling x6  
  104  10:29  Mutalisk x3  
  104  10:30  Mutalisk x5  
  120  10:42  Mutalisk x3  
  120  10:49  Zergling x8  
  128  11:00  Zergling x12  
  134  11:04  Mutalisk  
  134  11:05  Mutalisk  
  134  11:10  Overlord  
  134  11:11  Overlord x2  
Tags
 
Add a new tag
Caveats
  • Supply blocks, unpowered buildings, or Contaminate may cause inaccurate times.
  • Supply counts are checked every 10 seconds.